 Dungeon Crawl Stone Soup version 0.24.0-13-gcf9b3192b9 (webtiles) character file.

Game seed: 11467216803722403668, levelgen mode: deterministic

549 mopl the Sneak (level 6, -2/45 HPs)
             Began as a Demigod Enchanter on Nov 4, 2019.
             Killed from afar by an orc wizard (10 damage)
             ... with a puff of flame
             ... on level 4 of the Dungeon on Nov 5, 2019.
             The game lasted 00:10:32 (4538 turns).

mopl the Sneak (Demigod Enchanter)                  Turns: 4538, Time: 00:10:32

Health: -2/45      AC:  3    Str: 11    XL:     6   Next: 79%
Magic:  4/14       EV: 12    Int: 23    God:
Gold:   170        SH:  0    Dex: 16    Spells: 0/12 levels left

rFire    x . .     SeeInvis .   a - +1 dagger
rCold    + . .     Gourm    .   (no shield)
rNeg     . . .     Faith    .   b - +0 robe
rPois    .         Spirit   .   m - +0 helmet
rElec    .         Reflect  .   (no cloak)
rCorr    .         Harm     .   (no gloves)
MR       .....                  (no boots)
Stlth    +++.......             (no amulet)
HPRegen  0.15/turn              d - ring of ice
MPRegen  0.14/turn              (no ring)

@: no status effects
A: high mp 1
a: no special abilities


You were on level 4 of the Dungeon.
You were not hungry.

You visited 1 branch of the dungeon, and saw 4 of its levels.

You collected 170 gold pieces.

Inventory:

Hand Weapons
 a - a +1 dagger (weapon)
 e - a +0 hunting sling of freezing
Missiles
 h - 63 sling bullets
 i - 87 stones (quivered)
 p - 2 boomerangs
Armour
 b - a +0 robe (worn)
 k - a +0 shield
 m - a +0 helmet (worn)
Jewellery
 d - a ring of ice (left hand)
Wands
 q - a wand of polymorph (9)
Scrolls
 g - 3 scrolls of teleportation {unknown}
 j - a scroll of enchant armour {unknown}
Potions
 f - a potion of brilliance
 l - a potion of might
 n - 2 potions of flight
 o - a potion of lignification {unknown}
Comestibles
 c - 9 rations


   Skills:
 - Level 0.8 Short Blades
 - Level 1.7 Dodging
 * Level 4.6 Stealth
 * Level 3.7 Spellcasting
 + Level 1.6 Conjurations
 * Level 4.3 Hexes
 + Level 2.0 Ice Magic


You couldn't memorise any spells.
You knew the following spells:

 Your Spells              Type           Power        Failure   Level  Hunger
a - Corona                Hex            ###....      1%          1    None
b - Ensorcelled Hibernat  Hex/Ice        ####..       4%          2    #......
c - Confuse               Hex            ###.....     5%          3    ###....
d - Tukima's Dance        Hex            ###.....     5%          3    ###....
g - Dazzling Spray        Conj/Hex       ###...       10%         3    ###....

Your spell library contained the following spells:

 Spells                   Type           Power        Failure   Level  Hunger


Dungeon Overview and Level Annotations

Branches:
Dungeon (4/15)
 Temple: D:4-7


Innate Abilities, Weirdness & Mutations

You have an increased reservoir of magic. (+10% MP)


Message History

The boomerang hits you but does no damage.
The weapon returns to the orc!
The orc hits you with a +0 hand axe.
Your magical contamination has completely faded away.
The orc priest calls down the wrath of Beogh upon you.
Beogh smites you!
* * * LOW HITPOINT WARNING * * *
The orc barely misses you.
The orc wizard casts a spell.
The orc wizard seems to speed up.
The orc wizard looks satisfied for a moment.
Okay, then.
Casting: Confuse (safe; 5% risk of failure)
Confirm with . or Enter, or press ? or * to list all spells.
Aiming: Confuse (safe; 5% risk of failure)
Press: ? - help, Shift-Dir - straight line, f - orc wizard
Aim: an orc wizard, wielding a +0 dagger and wearing a +0 robe (fast, chance to defeat MR: 53%)
The orc wizard resists with significant effort.
The orc wizard gestures at you while chanting.
The puff of flame hits you! The fire burns you terribly!
You die...

.......#.##
#.########
######.#.#
#####.........
######.#.#
#.....########
.........#
#.############
######.###
#.##.......... #.#
#.##.######### #.#
#.##.# #.#
######.##.# #.#
#.@.o.....#
#.########.####.####
###### #..........#
#..# #.....
############ #.##
#.#### #.# #.# #o#
#.# #.# #.# #o# #.#
#o# #.#


You could see an orc wizard.

Vanquished Creatures
  An ogre (D:4)
  Blork the orc (D:4)
  A howler monkey (D:4)
  A hound (D:3)
  2 orc priests
  A gnoll shaman (D:3)
  2 worker ants
  8 adders
  4 gnolls
  An ooze (D:1)
  A worm (D:4)
  3 dart slugs
  2 leopard geckos
  4 orcs
  2 ball pythons
  6 giant cockroaches
  7 goblins
  5 hobgoblins
  4 jackals (D:3)
  6 kobolds
  8 bats
  3 frilled lizards
  A jackal skeleton (D:4)
  3 rats
77 creatures vanquished.

Notes
Turn   | Place    | Note
-------+----------+-------------------------------------------
     0 | D:1      | mopl the Demigod Enchanter began the quest for the Orb.
     0 | D:1      | Reached XP level 1. HP: 14/14 MP: 5/5
   485 | D:1      | Reached XP level 2. HP: 16/20 MP: 4/7
   489 | D:1      | Learned a level 2 spell: Ensorcelled Hibernation
  1145 | D:2      | Reached XP level 3. HP: 25/26 MP: 6/9
  1721 | D:3      | Upgraded the game from 0.24.0-10-g970556be89 to
                  | 0.24.0-13-gcf9b3192b9
  1779 | D:3      | Reached XP level 4. HP: 33/33 MP: 7/10
  1799 | D:3      | Learned a level 3 spell: Dazzling Spray
  1883 | D:3      | Reached skill level 1 in Ice Magic
  2224 | D:3      | Reached XP level 5. HP: 38/38 MP: 6/12
  2233 | D:3      | Learned a level 3 spell: Confuse
  2924 | D:4      | Noticed an ogre
  2932 | D:4      | Reached skill level 1 in Conjurations
  3744 | D:3      | Reached XP level 6. HP: 25/45 MP: 1/14
  3984 | D:4      | Found a hazy altar of Hepliaklqana.
  4035 | D:4      | Learned a level 3 spell: Tukima's Dance
  4096 | D:4      | Noticed Blork the orc
  4223 | D:4      | Killed Blork the orc
  4231 | D:4      | Found a shimmering blue altar of Sif Muna.
  4538 | D:4      | Killed from afar by an orc wizard

Levels and vault maps discovered:
D:1:      scummos_arrival_simple_crosswalls, layout_rooms
D:2:      layout_basic, nicolae_overflow_hidden_temple
D:3:      layout_loops_ring, first_ration
D:4:      layout_loops_ring, kennysheep_mini, okawaru_altar_gauntlet_db, tgw_sif

Skill      XL: |  1  2  3  4  5  6 |
---------------+-------------------+-----
Spellcasting   | 2 3 |  3.7
Stealth        | 3 4 |  4.6
Hexes          | 3 4 |  4.3
Ice Magic      | 1 2 |  2.0
Conjurations   | 1 |  1.6
Short Blades   | |  0.8
Dodging        | |  1.7

Action                   |  1- 3 |  4- 6 || total
-------------------------+-------+-------++-------
Melee: Dagger            |    98 |   128 ||   226
 Cast: Corona            |    20 |     2 ||    22
       Ensorcelled Hiber |    17 |    59 ||    76
       Dazzling Spray    |       |     2 ||     2
       Confuse           |       |    15 ||    15
  Use: Scroll            |       |     3 ||     3
       Potion            |       |     2 ||     2
 Stab: Sleeping          |    14 |    26 ||    40
       Distracted        |     1 |     1 ||     2
       Confused          |       |     7 ||     7
  Eat: Chunk             |     4 |    10 ||    14
       Ration            |       |     1 ||     1
Armor: Robe              |    22 |    38 ||    60
Dodge: Dodged            |    74 |   107 ||   181
